 Dungeon Crawl Stone Soup version 0.32-a0-732-ga344392067 (webtiles) character file.

Game seed: 3541403242592786012

37 Goblin1989 the Sneak (level 3, 0/29 HPs)
             Began as a Demonspawn Delver on Mar 16, 2024.
             Slain by a hound (1 damage)
             ... on level 2 of the Dungeon.
             The game lasted 00:02:41 (210 turns).

Goblin1989 the Sneak (Demonspawn Delver)             Turns: 210, Time: 00:02:42

Health: 0/29       AC:  4    Str: 14    XL:     3   Next: 21%
Magic:  3/3        EV: 10    Int: 10    God:
Gold:   0          SH:  0    Dex: 14    Spells: 2/2 levels left

rFire   . . .        a - +0 mace
rCold   . . .        (no shield)
rNeg    . . .        b - +0 leather armour
rPois   .            (no helmet)
rElec   .            (no cloak)
rCorr   .            (no gloves)
SInv    .            (no boots)
Will    .....        (no amulet)
Stlth   ++           (no ring)
HPRegen 0.24/turn    (no ring)
MPRegen 0.08/turn

%: no passive effects
@: no status effects
A: rugged brown scales 1
a: no special abilities


You were on level 2 of the Dungeon.
You visited 1 branch of the dungeon, and saw 4 of its levels.

Inventory:

Hand Weapons
 a - a +0 mace (weapon)
Armour
 b - a +0 leather armour (worn)
Wands
 g - a wand of digging (2) {@v3}
Scrolls
 c - a scroll of fog
 e - a scroll of fear
Potions
 f - a potion of haste {@q3,}


   Skills:
 - Level 3.0 Fighting
 + Level 3.3 Maces & Flails
 - Level 1.7 Dodging
 - Level 4.5 Stealth


You had 2 spell levels left.
You didn't know any spells.
Your spell library was empty.

Dungeon Overview and Level Annotations

Branches:
Dungeon (5/15) Zot: 23782
 Temple: D:4-7

Altars:

Annotations:
D:4 Edmund, Sigmund


Innate Abilities, Weirdness & Mutations

You are partially covered in rugged brown scales. (AC +1, +3% HP)


Message History

You barely miss the kobold.
The kobold is moderately wounded.
The kobold hits you but does no damage. The kobold barely misses you.
You barely miss the kobold.
The kobold is moderately wounded.
The kobold hits you with a +0 club.
You take 3 damage, and have 19/29 hp.
You hit the kobold.
You kill the kobold!
Things that are here:
a +0 club; a kobold corpse An endoplasm comes into view.
A hound comes into view.
The helpless endoplasm fails to defend itself.
You hit the endoplasm.
The endoplasm is heavily wounded.
The endoplasm closely misses you.
You hit the endoplasm.
The endoplasm is almost dead.
The endoplasm hits you but does no damage. x2
You hit the endoplasm.
You kill the endoplasm!
Sigmund the Dreaded comes into view.
He is wielding a +4 scythe of freezing.
The hound barks!
Sigmund shouts!
You hear a shout!
Sigmund points at you and mumbles some strange words.
The magic dart hits you.
A hobgoblin comes into view.
You take 5 damage, and have 18/29 hp.
Found a stone staircase leading down and a stone staircase leading up.
Sigmund points at you and mumbles some strange words.
You resist with significant effort. The hound misses you.
The hobgoblin closely misses you. The hound bites you but does no damage.
The hound misses you.
Sigmund casts a spell.
Sigmund flickers and vanishes!
Deactivating autopickup; reactivate with Ctrl-A.
There is a stone staircase leading up here.
The hound barely misses you.
You climb upwards.
Reactivating autopickup.
Found a stone staircase leading up.
There is a stone staircase leading down here.
The hound bites you.
You take 3 damage, and have 17/29 hp.
The hound closely misses you. The hound attacks as it pursues you!
The hound bites you.
You take 2 damage, and have 16/29 hp.
Found 3 poisoned darts.
The hound bites you.
* * * LOW HITPOINT WARNING * * *
You take 4 damage, and have 12/29 hp.
There is a stone staircase leading up here.
The hound bites you.
* * * LOW HITPOINT WARNING * * *
The hound bites you but does no damage.
You climb upwards.
Found a scroll of fog.
There is a stone staircase leading down here.
You take 1 damage, and have 12/29 hp.
You hit the hound.
The hound is heavily wounded.
The hound bites you.
* * * LOW HITPOINT WARNING * * *
The hound bites you.
* * * LOW HITPOINT WARNING * * *
You take 5 damage, and have 7/29 hp.
You barely miss the hound.
The hound is heavily wounded.
The hound barely misses you. x2
You closely miss the hound.
The hound is heavily wounded.
The hound bites you.
* * * LOW HITPOINT WARNING * * *
You take 3 damage, and have 5/29 hp.
You closely miss the hound.
The hound is heavily wounded.
The hound bites you.
* * * LOW HITPOINT WARNING * * *
The hound bites you but does no damage.
You take 3 damage, and have 2/29 hp.
You barely miss the hound.
The hound is heavily wounded.
The hound bites you.
* * * LOW HITPOINT WARNING * * *
The hound completely misses you.
You take 1 damage, and have 1/29 hp.
You closely miss the hound.
The hound is heavily wounded.
The hound bites you.
* * * LOW HITPOINT WARNING * * *
The hound barely misses you.
You hit the hound.
The hound is heavily wounded.
The hound barely misses you. The hound bites you but does no damage.
Unknown command.
You hit the hound.
The hound is almost dead.
The hound bites you but does no damage. The hound bites you.
You die...

██ █.█
... █.█
...█
█.█
...█
█.█
█..██.█
█..█.█
██.h.█
█..?@█
█.████


You could see a hound.

Vanquished Creatures
  A bombardier beetle (D:4)
  2 endoplasms (D:4)
  3 goblins (D:4)
  A kobold (D:4)
7 creatures vanquished.

Notes
Turn   | Place    | Note
-------+----------+-------------------------------------------
     0 | D:5      | Goblin1989 the Demonspawn Delver began the quest for the
                  | Orb.
     0 | D:5      | Reached XP level 1. HP: 18/18 MP: 1/1
     3 | D:5      | Noticed an ogre
    11 | D:5      | Noticed a phantom
    58 | D:4      | Noticed Edmund
   111 | D:4      | Noticed a bombardier beetle
   117 | D:4      | Killed a bombardier beetle
   118 | D:4      | Gained mutation: You are partially covered in rugged brown
                  | scales. (AC +1, +3% HP) [demonic ancestry]
   118 | D:4      | Reached XP level 2. HP: 18/24 MP: 2/2
   118 | D:4      | Reached XP level 3. HP: 22/29 MP: 3/3
   185 | D:4      | Noticed Sigmund
   207 | D:2      | HP: 1/29 [hound (1)]
   210 | D:2      | Slain by a hound

Illustrated notes

Levels and vault maps discovered:
D:2:      layout_basic, uniq_natasha
D:3:      minmay_door_path, layout_loops_ring, mainiacjoe_overflow_24_doors,
          shapermc_ecumenical_altar_mp_ritualfount, minmay_misc_feat_square,
          minmay_statues_item, uniq_crazy_yiuf_cottage, uniq_grinder
D:4:      minmay_clustersquares, layout_loops_ring,
          gammafunk_temple_overflow_statue, ebering_ghost_rock_garden,
          grunt_ministairs_6, uniq_edmund, uniq_sigmund
D:5:      layout_basic, jmf_multi_god_temple, minmay_manual_mail

Skill      XL: |  1 |
---------------+----+-----
Maces & Flails | 3 |  3.3
Fighting       | |  3.0
Dodging        | |  1.7
Stealth        | |  4.5

Action                     || total
---------------------------++-------
  Melee: Mace              ||    28
  Evoke: Wand              ||     1
    Use: Scroll            ||     1
   Stab: Sleeping          ||     5
 Armour: Leather armour    ||    25
  Dodge: Dodged            ||    19

Table legend: (Time is in decaauts)
 A = Elapsed time spent in this place.
 B = Non-inter-level travel time spent in this place.
 C = Inter-level travel time spent in this place.
 D = Time resting spent in this place.
 E = Time spent auto-exploring this place.
 F = Levels seen in this place.
 G = Mean time per level.
                   A        B        C        D        E       F      G
               +--------+--------+--------+--------+--------+-----+--------+
         Total |    216 |    216 |      0 |     18 |     36 |   4 |   54.0 |
       Dungeon |    216 |    216 |      0 |     18 |     36 |   4 |   54.0 |
               +--------+--------+--------+--------+--------+-----+--------+

Top non-repeatable levels by time:
     D:4: 155 daAuts
     D:5: 44 daAuts
     D:2: 9 daAuts
     D:3: 7 daAuts
